 Dungeon Crawl Stone Soup version 0.31-a0-229-g1fc7ce93e2 (webtiles) character file.

Game seed: 11845470541864804802

364 qw the Shooter (level 6, -14/53 HPs)
             Began as a Minotaur Hexslinger on July 6, 2023.
             Demolished by a black bear (20 damage)
             ... on level 4 of the Dungeon.
             The game lasted 00:00:47 (2318 turns).

qw the Shooter (Minotaur Hexslinger)                Turns: 2318, Time: 00:00:48

Health: -14/53     AC:  5    Str: 13    XL:     6   Next: 39%
Magic:  6/6        EV: -1    Int: 10    God:
Gold:   140        SH:  0    Dex: 14    Spells: 6/7 levels left

rFire   . . .        Y - +1 sling (freeze)
rCold   . . .        (no shield)
rNeg    . . .        i - +0 ring mail
rPois   .            (helmet restricted)
rElec   .            (no cloak)
rCorr   .            (no gloves)
SInv    .            (no boots)
Will    .....        (no amulet)
Stlth   +            (no ring)
HPRegen 0.28/turn    (no ring)
MPRegen 0.10/turn

%: no passive effects
@: sleeping, constricted
A: horns 2, retaliatory headbutt
a: no special abilities


You were on level 4 of the Dungeon.
You visited 1 branch of the dungeon, and saw 4 of its levels.

You collected 140 gold pieces.


Innate Abilities, Weirdness & Mutations

You have a pair of horns on your head.
You reflexively headbutt those who attack you in melee.


   Skills:
 - Level 4.4 Fighting
 + Level 6.2 Ranged Weapons
 - Level 1.0 Armour
 - Level 2.1 Dodging
 - Level 1.0 Spellcasting
 - Level 2.0 Hexes


You had 6 spell levels left.
You knew the following spells:

 Your Spells              Type           Power      Damage    Failure   Level
a - Slow                  Hex            16%        N/A       32%         1

Your spell library contained the following spells:

 Spells                   Type           Power      Damage    Failure   Level
 Inner Flame              Hex/Fire       2%         N/A       82%         3
 Portal Projectile        Hex/Tloc       4%         N/A       82%         3
 Cause Fear               Hex            2%         N/A       97%         4

Inventory:

Hand Weapons
 Y - a +1 sling of freezing (weapon)
Armour
 i - a +0 ring mail (worn)
Scrolls
 a - 2 scrolls of identify
 b - a scroll of teleportation
Potions
 e - a potion of heal wounds
 g - a potion of mutation
 h - a potion of cancellation
 j - a potion of might {unknown}
 l - a potion of curing {unknown}

Dungeon Overview and Level Annotations

Branches:
Dungeon (4/15)
 Temple: D:4-7

Altars:
Gozag
Ru

Shops:
D:1 =   D:2 =


Message History

You headbutt the ball python!
You kill the ball python!
The ball python bites you but does no damage.
The ball python completely misses you. The black bear bites you.
The black bear claws you. x2
You shoot a sling bullet. The sling bullet hits the black bear.
The sling bullet freezes the black bear.
The black bear is heavily wounded.
The ball python bites you but does no damage.
The ball python grabs you. The ball python constricts you.
The black bear bites you! The black bear claws you.
The black bear claws you but does no damage.
You shoot a sling bullet.
The sling bullet closely misses the ball python.
The ball python barely misses you. You furiously retaliate!
You headbutt the ball python, but do no damage.
The ball python constricts you. The black bear bites you.
The black bear claws you. The black bear closely misses you.
The ball python barely misses you. The ball python constricts you.
You shoot a sling bullet. The sling bullet hits the ball python.
The ball python seems to slow down.
The sling bullet freezes the ball python.
The ball python is severely wounded.
The black bear bites you. The black bear claws you.
The black bear closely misses you.
The ball python bites you but does no damage.
The ball python constricts you.
You shoot a sling bullet.
The sling bullet barely misses the ball python.
The black bear bites you!
The black bear claws you but does no damage. x2
The sleepcap barely misses you. You furiously retaliate!
You headbutt the sleepcap! The ball python barely misses you.
The ball python constricts you. The black bear barely misses you.
The black bear claws you but does no damage. x2
The sleepcap releases spores at you.
You are engulfed in a cloud of soporific spores!
You fall asleep.
The black bear bites you!!
You die...

####### #...(..##
........##
.........#
.........#
...?.....#
.........#
......S@.###########
......fh)...........
........##...######
......#..###...##
......##. ###..#
...... .### ##.#
###### .~~..
#...###.###.....
~..~.
#.#.............
#......##.#.....


You could see a black bear, a sleepcap and a ball python (slow).

Vanquished Creatures
  Sigmund (D:2)
  A black bear (D:4)
  A hound (D:4)
  An iguana (D:4)
  2 adders
  2 dart slugs (D:1)
  5 ball pythons
  4 bats
  5 endoplasms
  5 goblins
  2 hobgoblins (D:2)
  3 quokkas
  A frilled lizard (D:2)
  9 kobolds
  3 rats
45 creatures vanquished.

Notes
Turn   | Place    | Note
-------+----------+-------------------------------------------
     0 | D:1      | qw the Minotaur Hexslinger began the quest for the Orb.
     0 | D:1      | Reached XP level 1. HP: 16/16 MP: 1/1
     0 | D:1      | 0 ||| qw: Version: 0.3-a-46-gb1f654a
     0 | D:1      | 0 ||| qw: Game counter: 1181
     0 | D:1      | 0 ||| qw: Melee chars always use a shield: true
     0 | D:1      | 0 ||| qw: God list: Okawaru
     0 | D:1      | 0 ||| qw: Allow faded altars: false
     0 | D:1      | 0 ||| qw: Do Orc after clearing Dungeon:15 true
     0 | D:1      | 0 ||| qw: Do second Lair branch before Depths: true
     0 | D:1      | 0 ||| qw: Lair rune preference: random
     0 | D:1      | 0 ||| qw: Goals: Normal
     0 | D:1      | 0 ||| PLANNING D:1-11
    86 | D:1      | HP: 4/16 [kobold/+0 whip (5)]
   180 | D:1      | Found Apiley's Jewellery Boutique.
   193 | D:1      | 193 ||| SHOPLISTING +6 ring of dexterity (504 gold, have
                  | 0).
   193 | D:1      | 193 ||| SHOPLISTING +6 ring of strength (504 gold, have 0).
   193 | D:1      | 193 ||| SHOPLISTING amulet of faith (560 gold, have 0).
   193 | D:1      | 193 ||| SHOPLISTING ring of fire (350 gold, have 0).
   193 | D:1      | 193 ||| SHOPLISTING ring of see invisible (210 gold, have
                  | 0).
   329 | D:1      | Found a faded altar of an unknown god.
   379 | D:1      | Reached skill level 3 in Ranged Weapons
   379 | D:1      | Reached XP level 2. HP: 19/23 MP: 2/2
   730 | D:1      | 730 ||| UPGRADING to +0 ring mail.
   740 | D:1      | 740 ||| DROPPING +0 robe.
   741 | D:1      | 741 ||| READING 2 scrolls labelled CULIUTT XOTHEIS.
   742 | D:1      | 742 ||| READING scroll labelled JAYQUDUWOT.
   743 | D:1      | 743 ||| READING scroll labelled RODGHIXA BOLE.
   748 | D:1      | 748 ||| DROPPING scroll of poison.
   808 | D:2      | Found Munif's Jewellery Shop.
   816 | D:2      | 816 ||| SHOPLISTING +4 ring of protection (468 gold, have
                  | 63).
   816 | D:2      | 816 ||| SHOPLISTING +5 ring of evasion (468 gold, have 63).
   816 | D:2      | 816 ||| SHOPLISTING +6 ring of dexterity (468 gold, have
                  | 63).
   816 | D:2      | 816 ||| SHOPLISTING +6 ring of strength (468 gold, have
                  | 63).
   816 | D:2      | 816 ||| SHOPLISTING ring of protection from fire (325 gold,
                  | have 63).
   816 | D:2      | 816 ||| SHOPLISTING ring of resist corrosion (260 gold,
                  | have 63).
   961 | D:2      | Reached XP level 3. HP: 29/29 MP: 3/3
  1075 | D:2      | Noticed Sigmund
  1079 | D:2      | Killed Sigmund
  1080 | D:2      | Reached skill level 6 in Ranged Weapons
  1080 | D:2      | Reached XP level 4. HP: 36/36 MP: 4/4
  1080 | D:2      | Reached XP level 5. HP: 41/41 MP: 5/5
  1112 | D:2      | Reached skill level 1 in Armour
  1206 | D:2      | 1206 ||| READING 2 scrolls labelled XUANIHA ASIO.
  1207 | D:2      | 1207 ||| READING scroll labelled OLEOZXOASO.
  1208 | D:2      | 1208 ||| READING scroll labelled HIUDUR ARAOL.
  1209 | D:2      | 1209 ||| READING scroll labelled AWINIA FYVAIW.
  1210 | D:2      | 1210 ||| READING 2 scrolls of identify.
  1210 | D:2      | 1210 ||| IDENTIFYING metallic emerald potion
  1211 | D:2      | 1211 ||| DROPPING scroll of immolation.
  1420 | D:3      | Found an opulent altar of Gozag.
  1814 | D:3      | 1814 ||| READING scroll labelled NAW JAFUSUUC.
  1815 | D:3      | 1815 ||| READING scroll labelled ZILOQE VYSK.
  1888 | D:3      | 1888 ||| READING 2 scrolls labelled ETIADO VOGIERU.
  1889 | D:3      | 1889 ||| READING scroll labelled CYRGHO DAJEUSH.
  1890 | D:3      | 1890 ||| READING 3 scrolls of identify.
  1890 | D:3      | 1890 ||| IDENTIFYING fizzy clear potion
  1891 | D:3      | 1891 ||| READING 2 scrolls of identify.
  1891 | D:3      | 1891 ||| IDENTIFYING glowing white potion
  1892 | D:3      | 1892 ||| DROPPING scroll of butterflies.
  1987 | D:4      | Reached skill level 3 in Fighting
  2016 | D:4      | Noticed a black bear
  2027 | D:4      | Killed a black bear
  2028 | D:4      | Reached XP level 6. HP: 36/53 MP: 6/6
  2182 | D:4      | 2182 ||| READING scroll of brand weapon.
  2182 | D:4      | 2182 ||| BRANDING +1 sling of draining.
  2202 | D:4      | Found a sacrificial altar of Ru.
  2317 | D:4      | HP: 12/53 [black bear (7)]
  2318 | D:4      | Demolished by a black bear

Levels and vault maps discovered:
D:1:      psy_arrival_conway, layout_basic, serial_shops,
          nicolae_shop_statue_plus, serial_rivers,
          chequers_serial_rivers_small_b, chequers_serial_rivers_small_3,
          chequers_serial_rivers_room_b, chequers_serial_rivers_small_3,
          chequers_serial_rivers_small_b, hellmonk_ecumenical_altar_run_dry
D:2:      layout_basic, serial_shops, shop, minmay_box_of_dots, uniq_sigmund
D:3:      layout_basic, nicolae_gozag_cash_rules_everything_around_me,
          grunt_decor_clamped, nicolae_houndstooth_variations
D:4:      cheibrodos_helix_gallery, layout_rooms, kennysheep_mini_moat,
          nicolae_overflow_hidden_temple, nicolae_ru_the_path_less_chosen

Skill      XL: |  1  2  3  4  5 |
---------------+----------------+-----
Ranged Weapons | 3 6 |  6.2
Fighting       | 2 4 |  4.4
Armour         | 1 |  1.0
Dodging        | |  2.1
Spellcasting   | |  1.0
Hexes          | |  2.0

Action                     |  1- 3 |  4- 6 || total
---------------------------+-------+-------++-------
   Fire: Sling             |    65 |    80 ||   145
    Use: Scroll            |     3 |    12 ||    15
 Armour: Robe              |     7 |       ||     7
         Ring mail         |     2 |    44 ||    46
  Dodge: Dodged            |     4 |    51 ||    55

Table legend:
 A = Non-vault XP
 B = Vault XP
 C = Vault XP percentage of total XP
 D = Non-vault monster count
 E = Vault monster count
 F = Vault count percentage of total count
                 A         B        C        D         E       F
            +---------+---------+-------+---------+---------+-------
      Total |     285 |     235 |  45.2 |      38 |       7 |  15.6
            +---------+---------+-------+---------+---------+-------
        D:1 |      25 |       0 |   0.0 |      12 |       0 |   0.0
        D:2 |      24 |     233 |  90.7 |      13 |       6 |  31.6
        D:3 |      25 |       0 |   0.0 |       9 |       0 |   0.0
        D:4 |     211 |       2 |   0.9 |       4 |       1 |  20.0
            +---------+---------+-------+---------+---------+-------
